 Dungeon Crawl Stone Soup version bcrawl-1.13 (webtiles) character file.

Game seed: 5889129450629036377

25 Camlann the Ducker (level 2, -2/22 HPs)
             Began as a Demonspawn Archaeologist on July 27, 2019.
             Slain by a leopard gecko (4 damage)
             ... on level 1 of the Dungeon.
             The game lasted 00:01:39 (1162 turns).

Camlann the Ducker (Demonspawn Archaeologist)       Turns: 1162, Time: 00:01:40

Health: -2/22      AC:  6    Str: 11    XL:     2   Next: 82%
Magic:  2/2        EV: 19    Int: 15    God:
Gold:   80         SH:  0    Dex: 16    Spells: 1/1 levels left

rFire    . . .     SeeInvis .   a - +0 whip
rCold    . . .     Gourm    .   (no shield)
rNeg     . . .     Faith    .   b - +1 robe
rPois    .         Spirit   .   c - +1 hat
rElec    .         Reflect  .   (no cloak)
rCorr    .         Harm     .   (no gloves)
MR       .....                  d - +1 pair of boots
Stlth    +++++.....             (no amulet)
HPRegen  0.07/turn              k - ring of stealth
MPRegen  0.08/turn              (no ring)

@: agile
A: talons 1
a: no special abilities


You were on level 1 of the Dungeon.
You were not hungry.

You visited 1 branch of the dungeon, and saw 2 of its levels.

You collected 80 gold pieces.

Inventory:

Hand Weapons
 a - a +0 whip (weapon)
Armour
 b - a +1 robe (worn)
 c - a +1 hat (worn)
 d - a +1 pair of boots (worn)
Jewellery
 k - a ring of stealth (left hand)
Scrolls
 h - a scroll of teleportation {unknown}
 l - a scroll of blinking {unknown}
Miscellaneous
 e - a dusty tome
 f - an ancient crate
Comestibles
 g - 5 rations {!d}
 m - a chunk of flesh


   Skills:
 + Level 2.1 Fighting
 - Level 0.8 Maces & Flails
 + Level 3.2 Dodging
 - Level 3.0 Stealth


You had one spell level left.
You didn't know any spells.
Your spell library was empty.

Dungeon Overview and Level Annotations

Branches:
Dungeon (2/12)

Altars:


Innate Abilities, Weirdness & Mutations

You have sharp toenails.


Message History

Okay, then.
It was a potion of haste.
You feel yourself speed up.
The leopard gecko bites you but does no damage.
The goblin misses you. The leopard gecko misses you.
The leopard gecko closely misses you.
It was a potion of cancellation.
Your magical effects are unravelling.
You feel magically purged.
You feel yourself slow down. The goblin misses you.
The leopard gecko bites you but does no damage.
You feel agile all of a sudden. The leopard gecko misses you.
The leopard gecko barely misses you. The goblin barely misses you.
The leopard gecko misses you.
You barely miss the goblin. The leopard gecko misses you.
The leopard gecko closely misses you. The goblin closely misses you.
You barely miss the goblin.
The leopard gecko completely misses you.
The leopard gecko bites you.
You die...

#f#..#K# #....... ####
###.#### #....... ##..#
#e#.#^# #..†....
.#..#####.#############
#..÷....
....##^#..#H##........#
#.......
##..####.############.#
#####.## ##.##^#.#9# ######.#
##...# #.####.### ##ll.##.#
#..### #.##e#.#M# #.@#.##.#
#.## #.####.######g##.#..# #.#
#.##a#...#o#####...######.#
###.######.#####....## #....#
....# #c#.#^##..##.####.####
###.######.#######..#....# #
#.#..##...##..##.##.######## #
#.#...+.>.'...##....# ##...##
#
#.#.###...###(......###....)##


You could see 2 leopard geckos and a goblin.

Vanquished Creatures
  A dart slug (D:1)
  A leopard gecko (D:1)
  3 bats (D:1)
  4 giant cockroaches (D:1)
  2 goblins (D:1)
  2 jackals (D:1)
  A quokka (D:1)
  4 kobolds (D:1)
  A rat (D:1)
19 creatures vanquished.

Notes
Turn   | Place    | Note
-------+----------+-------------------------------------------
     0 | D:1      | Camlann the Demonspawn Archaeologist began the quest for
                  | the Orb.
     0 | D:1      | Reached XP level 1. HP: 15/15 MP: 1/1
     0 | D:1      | Noticed a spriggan
     0 | D:1      | Noticed a human
     2 | D:1      | Noticed a gargoyle
     2 | D:1      | Noticed a human
     4 | D:1      | Noticed a spriggan
     5 | D:1      | Noticed a minotaur
     6 | D:1      | Noticed a gargoyle
     7 | D:1      | Noticed a vine stalker
    10 | D:1      | Noticed an elf
    12 | D:1      | Noticed a minotaur
    14 | D:1      | Noticed a gargoyle
    14 | D:1      | Noticed a centaur
    16 | D:1      | Noticed an elf
    18 | D:1      | Noticed a formicid
   292 | D:1      | Gained mutation: You have sharp toenails. [demonic
                  | ancestry]
   292 | D:1      | Reached XP level 2. HP: 2/21 MP: 2/2
  1162 | D:1      | Slain by a leopard gecko

Skill      XL: |  1  2 |
---------------+-------+-----
Dodging        | 3 |  3.2
Fighting       | 2 |  2.1
Maces & Flails | |  0.8
Stealth        | |  3.0

Action                   || total
-------------------------++-------
Melee: Whip              ||   117
  Use: Potion            ||     3
       Scroll            ||     2
 Stab: Sleeping          ||     3
  Eat: Chunk             ||     1
Armor: Robe              ||    44
Dodge: Dodged            ||    98
